 Dungeon Crawl Stone Soup version 0.28-a0-1130-gc51a68064b (webtiles) character file.

Game seed: 2925562543857800411

13047 avis the Grappler (level 12, -18/138 HPs)
             Began as a Hill Orc Monk on Dec 12, 2021.
             Was a Believer of Beogh.
             Demolished by a phantasmal warrior (28 damage)
             ... led by a death knight
             ... on level 11 of the Dungeon.
             The game lasted 01:27:54 (21710 turns).

avis the Grappler (Hill Orc Monk)                  Turns: 21710, Time: 01:27:54

Health: -18/138    AC:  5    Str: 17    XL:     12   Next: 1%
Magic:  21/23      EV: 11    Int: 18    God:    Beogh [**....]
Gold:   590        SH:  0    Dex: 13    Spells: 4/11 levels left

rFire   x . .      SeeInvis .     - Unarmed
rCold   + + +      Faith    .   (shield currently unavailable)
rNeg    . . .      Spirit   .   (armour currently unavailable)
rPois   +          Reflect  .   (helmet currently unavailable)
rElec   .          Harm     .   (cloak currently unavailable)
rCorr   .          Rampage  .   (gloves currently unavailable)
Will    .....                   (boots currently unavailable)
Stlth   ++........              S - amulet of the acrobat
HPRegen 0.33/turn               d - ring of magical power
MPRegen 0.18/turn               h - +6 ring of intelligence

@: ice-form, studying 2 skills
A: freezing attack, amphibious, boosted hp, large
a: End Transformation, Renounce Religion, Smiting


You were on level 11 of the Dungeon.
You worshipped Beogh.
Beogh was pleased with you.
You were a creature of crystalline ice.
You visited 2 branches of the dungeon, and saw 12 of its levels.
You also visited: Sewer.

You collected 725 gold pieces.
You spent 135 gold pieces at shops.

Inventory:

Hand Weapons
 b - a +1 hunting sling of freezing
 w - the +7 pair of quick blades "Gyre" and "Gimble" {protect}
   (You found it on level 10 of the Dungeon)

   It grants its wielder temporary protection when it strikes (+7 to AC).
Missiles
 a - 3 boomerangs
 g - 100 poisoned darts (quivered)
 j - 218 stones
 n - 53 sling bullets
 s - 3 silver boomerangs
 R - 2 boomerangs of dispersal
Armour
 i - a +0 pair of boots (melded)
 O - +0 acid dragon scales (melded)
 T - a +1 helmet (melded)
 W - a +0 pair of gloves (melded)
 Y - a +0 cloak (melded)
Jewellery
 d - a ring of magical power (left front paw)
 h - a +6 ring of intelligence (right front paw)
 k - a ring of protection from fire
 S - an amulet of the acrobat (around neck)
Wands
 c - a wand of digging (10)
 e - a wand of flame (13)
 f - a wand of polymorph (4)
 u - a wand of acid (5)
 y - a wand of iceblast (7)
Scrolls
 l - 2 scrolls of silence {unknown}
 o - a scroll of enchant armour
 q - 2 scrolls of brand weapon {unknown}
 r - a scroll of blinking
 t - a scroll of noise {unknown}
 v - 2 scrolls of fog {unknown}
 z - 4 scrolls of magic mapping
 I - a scroll of fear
 K - a scroll of teleportation
 L - a scroll of enchant weapon {unknown}
 N - a scroll of vulnerability {unknown}
 X - a scroll of holy word {unknown}
Potions
 m - 4 potions of flight
 E - 6 potions of ambrosia
 G - 2 potions of curing
 V - 2 potions of lignification
Miscellaneous
 F - a phial of floods


   Skills:
 - Level 13.0 Fighting
 - Level 5.0 Armour
 - Level 5.0 Dodging
 - Level 1.5 Stealth
 + Level 14.5 Unarmed Combat
 - Level 3.0 Transmutations
 * Level 1.6 Ice Magic
 - Level 3.0 Invocations


You had 4 spell levels left.
You knew the following spells:

 Your Spells              Type           Power      Damage    Failure   Level
f - Frozen Ramparts       Ice            10%        1d3       34%         3
q - Ice Form              Ice/Tmut       8%         N/A       63%         4

Your spell library contained the following spells:

 Spells                   Type           Power      Damage    Failure   Level
 Magic Dart               Conj           0%         1d3       22%         1
 Summon Small Mammal      Summ           0%         N/A       22%         1
 Call Canine Familiar     Summ           0%         N/A       54%         3
 Mephitic Cloud           Conj/Pois/Air  0%         N/A       54%         3
 Summon Guardian Golem    Hex/Summ       0%         N/A       54%         3
 Tukima's Dance           Hex            0%         N/A       54%         3
 Summon Ice Beast         Ice/Summ       2%         N/A       85%         4
 Passage of Golubria      Tloc           0%         N/A       91%         4
 Yara's Violent Unravell  Hex/Tmut       2%         3d3       97%         5
 Chain Lightning          Conj/Air       0%         N/A       100%        9


Dungeon Overview and Level Annotations

Branches:
Dungeon (11/15)            Temple (1/1) D:6             Orc (0/2) D:10
  Sewer (visited)
   Lair: D:8-11

Altars:
Dithmenos
Fedhas
Gozag
Hepliaklqana
Kikubaaqudgha
Makhleb
Nemelex Xobeh
Okawaru
Qazlal
Ru
Sif Muna
Trog
Wu Jian
Zin
The Shining One
Beogh

Shops:
D:5 *   D:8 ?[=((

Annotations:
D:8 exclusion: door
D:11 exclusion: ice statue


Message History

Your magical contamination has completely faded away.
Casting: Ice Form (dangerous; 73% risk of failure)
Confirm with . or Enter, or press ? or * to list all spells.
You turn into a creature of crystalline ice.
Your +0 cloak melds into your body.
Your +1 helmet melds into your body.
Your +0 pair of gloves melds into your body.
Your +0 pair of boots melds into your body.
Your +0 acid dragon scales melds into your body.
You climb downwards.
Level annotation: exclusion: ice statue
There is a stone staircase leading up here.
The death knight closely misses you.
The death knight hits you with a +0 glaive!!
You completely miss the death knight.
The death knight hits you with a +0 glaive!!
You punch the death knight! You freeze the death knight.
The death knight is lightly wounded.
You pummel the death knight!! You freeze the death knight!
The death knight is severely wounded.
The death knight hits you with a +0 glaive!
The phantasmal warrior closely misses you.
You hit the death knight. You freeze the death knight.
The death knight is severely wounded.
The death knight hits you with a +0 glaive!
You hit the death knight but do no damage.
The death knight is severely wounded.
The phantasmal warrior hits you!!
* * * LOW HITPOINT WARNING * * *
The death knight misses you.
You barely miss the death knight.
The death knight is severely wounded.
The phantasmal warrior hits you!!
* * * LOW HITPOINT WARNING * * *
The death knight offers itself to Yredelemnul, and fills with unholy energy.
Okay, then.
The phantasmal warrior gestures at you.
The phantasmal warrior blinks!
The death knight completely misses you.
There is a stone staircase leading up here.
The phantasmal warrior hits you!!
You die...

#..# #.# #.## #######...#.##....
..#.# #.# #..###.......###.#.....
.....##.####..#..####..##........
.........##...........##...##....
##.....<)...###..........#.##...#
........p#####...........#.#...##
.........# #...p.......##.>...#
..###....# ##...........###....#
.....##..###...WY.......# #....##
###. #...##...)........# #......
# #p......#.........###......
#####.#.#.#..........>...........
.#........[.#...........##.......
.#...............................
.#................^.......#...###
W.............................#
.#............).............#.#


You could see a death knight (reflects damage) and a phantasmal warrior.

Vanquished Creatures
  4 two-headed ogres
  An unseen horror (D:10)
  A freezing wraith (D:10)
  Maggie (D:9)
  A queen bee (D:9)
  A troll (D:10)
  3 slime creatures (D:9)
  A shadow (D:10)
  16 yaks
  A spriggan (D:9)
  5 wraiths
  2 steam dragons
  A vampire mosquito (D:11)
  2 acid dragons
  4 water moccasins
  2 ice beasts
  5 orc warriors
  3 sky beasts
  3 ogres
  3 centaurs
  2 kobold brigands (D:9)
  2 phantoms
  A bullfrog (D:8)
  A gnoll sergeant (D:5)
  3 scorpions
  2 water moccasin zombies (D:5)
  17 killer bees
  3 wights (D:9)
  4 howler monkeys (D:9)
  3 centaur zombies
  4 hounds
  A gnoll shaman (D:7)
  An iguana (D:6)
  11 orc wizards
  Robin (D:4)
  12 gnolls
  2 howler monkey skeletons
  A river rat (D:5)
  9 adders
  2 shadow imps (D:6)
  2 white imps
  2 ufetubi
  An adder skeleton (D:4)
  7 worms
  3 dart slugs
  25 orcs
  11 ball pythons
  14 endoplasms
  10 giant cockroaches
  13 goblins
  8 hobgoblins
  4 jackals (Sewer)
  12 kobolds
  5 quokkas
  9 bats
  7 frilled lizards
  11 rats
286 creatures vanquished.

Vanquished Creatures (others)
  2 orc priests (D:10)
  An orc wizard (D:10)
  5 fungi (D:6)
  13 plants (D:6)
  2 withered plants (D:3)
23 creatures vanquished.

Grand Total: 309 creatures vanquished

Notes
Turn   | Place    | Note
-------+----------+-------------------------------------------
     0 | D:1      | avis the Hill Orc Monk began the quest for the Orb.
     0 | D:1      | Reached XP level 1. HP: 19/19 MP: 1/1
   175 | D:1      | Reached XP level 2. HP: 27/27 MP: 2/2
   392 | D:1      | Got the Grimoire of Attacks
   406 | D:1      | Reached skill level 4 in Unarmed Combat
   680 | D:1      | Reached XP level 3. HP: 31/33 MP: 3/3
   968 | D:1      | Found a faded altar of an unknown god.
  1823 | D:2      | Noticed a phantom
  2289 | D:2      | Reached XP level 4. HP: 25/41 MP: 4/4
  3255 | D:3      | Reached skill level 5 in Unarmed Combat
  3486 | D:2      | Killed a phantom
  3487 | D:2      | Reached skill level 5 in Fighting
  3487 | D:2      | Reached XP level 5. HP: 5/48 MP: 5/5
  3948 | D:3      | Noticed an ice beast
  4036 | D:3      | Noticed an ogre
  4128 | D:2      | Killed an ogre
  4129 | D:2      | Reached skill level 6 in Unarmed Combat
  4129 | D:2      | Reached XP level 6. HP: 26/56 MP: 6/6
  4309 | D:3      | Found an ancient bone altar of Kikubaaqudgha.
  4549 | D:3      | Found a sparkling altar of Nemelex Xobeh.
  4693 | D:3      | Killed an ice beast
  5658 | D:4      | Found a stormy altar of Qazlal.
  5658 | D:4      | Found a bloodstained altar of Trog.
  5658 | D:4      | Found an ornate altar of the Wu Jian Council.
  5661 | D:4      | Found a burning altar of Makhleb.
  5706 | D:4      | Reached skill level 7 in Unarmed Combat
  5716 | D:4      | Noticed a sky beast
  5739 | D:4      | Killed a sky beast
  5740 | D:4      | Reached XP level 7. HP: 26/63 MP: 7/7
  6352 | D:4      | Noticed Robin
  6361 | D:4      | Killed Robin
  6506 | D:5      | Entered Level 5 of the Dungeon
  6684 | D:4      | Reached skill level 8 in Unarmed Combat
  6930 | D:5      | Noticed a wraith
  7049 | D:5      | Reached XP level 8. HP: 38/73 MP: 8/8
  7114 | D:5      | Found a glowing drain.
  7156 | Sewer    | Entered a sewer
  7834 | D:5      | Upgraded the game from 0.28-a0-1117-g0bdd5ba030 to
                  | 0.28-a0-1130-gc51a68064b
  7891 | D:5      | Found Azxeul Asyi's Assorted Antiques.
  7931 | D:4      | Killed a wraith
  7932 | D:4      | Reached skill level 9 in Unarmed Combat
  8585 | D:5      | Reached skill level 10 in Unarmed Combat
  8666 | D:5      | Reached XP level 9. HP: 32/82 MP: 9/9
  8944 | D:5      | Bought a glittering tin ring for 135 gold pieces
  8944 | D:5      | Identified the ring of the Serpent {*Slow rPois rF+ Str-4
                  | Dex+7} (You bought it in a shop on level 5 of the Dungeon)
  9470 | D:6      | Found a staircase to the Ecumenical Temple.
  9563 | D:6      | Found a blossoming altar of Fedhas.
 10133 | D:6      | Reached skill level 1 in Armour
 10135 | D:6      | Reached skill level 11 in Unarmed Combat
 10266 | D:6      | You fall into a shaft and drop 3 floors!
 10278 | D:9      | Noticed Maggie
 10287 | D:9      | Identified 2 scrolls of acquirement
 10302 | D:9      | Killed Maggie
 10464 | D:9      | Acquired a manual of Conjurations
 10466 | D:9      | Acquired a manual of Translocations
 10933 | D:8      | Found an iron altar of Okawaru.
 10934 | D:8      | Found Buhoc's Armour Boutique.
 11301 | D:8      | Found Maurour's Jewellery Shoppe.
 11714 | D:6      | Reached skill level 10 in Fighting
 11744 | D:6      | Found a sacrificial altar of Ru.
 12391 | D:7      | Reached XP level 10. HP: 82/93 MP: 10/10
 13139 | Temple   | Entered the Ecumenical Temple
 13447 | D:8      | Found Reoliup's Magic Scroll Shop.
 13535 | D:8      | Found Reweb's Antique Weapon Boutique.
 13544 | D:8      | Found Zin's Purification Station.
 13547 | D:8      | Found a glowing silver altar of Zin.
 13555 | D:8      | Found Siuduby's Weapon Boutique.
 13563 | D:8      | Identified the +4 arbalest "Eddid" {penet, *Corrode rPois
                  | Dex+5 SInv}
 13742 | D:8      | Found a shimmering blue altar of Sif Muna.
 14104 | D:8      | Found a shadowy altar of Dithmenos.
 14105 | D:8      | Found a glowing golden altar of the Shining One.
 14371 | D:9      | Reached skill level 5 in Armour
 14425 | D:9      | Reached skill level 12 in Unarmed Combat
 14848 | D:9      | HP: 4/96 [slime creature (14)]
 15350 | D:9      | Reached skill level 13 in Unarmed Combat
 15767 | D:9      | Reached XP level 11. HP: 56/104 MP: 11/11
 16675 | D:10     | Entered Level 10 of the Dungeon
 17804 | D:10     | Reached skill level 14 in Unarmed Combat
 18217 | D:10     | Learned a level 4 spell: Ice Form
 18303 | D:10     | Found a staircase to the Orcish Mines.
 18348 | D:10     | Found a roughly hewn altar of Beogh.
 18349 | D:10     | Became a worshipper of Beogh the Brigand
 18349 | D:10     | Reached * piety under Beogh
 18349 | D:10     | Reached ** piety under Beogh
 18513 | D:10     | Noticed a two-headed ogre
 18513 | D:10     | Noticed a two-headed ogre
 18820 | D:10     | Killed a two-headed ogre
 18821 | D:10     | Reached skill level 1 in Transmutations
 18990 | D:10     | Found the +7 pair of quick blades "Gyre" and "Gimble"
                  | {protect}
 19034 | D:10     | Killed a two-headed ogre
 19495 | D:11     | Noticed a two-headed ogre
 19843 | D:10     | Killed a two-headed ogre
 19844 | D:10     | Reached skill level 1 in Invocations
 20159 | D:11     | Noticed a two-headed ogre
 20309 | D:11     | Killed a two-headed ogre
 20561 | D:11     | Noticed a five-headed hydra
 20561 | D:11     | Noticed a phantasmal warrior
 21002 | D:11     | Noticed a death knight
 21023 | D:10     | Reached skill level 1 in Ice Magic
 21207 | D:10     | Reached skill level 5 in Dodging
 21207 | D:10     | Reached XP level 12. HP: 115/115 MP: 14/14
 21528 | D:10     | Learned a level 3 spell: Frozen Ramparts
 21710 | D:11     | Demolished by a phantasmal warrior

Illustrated notes

Levels and vault maps discovered:
D:1:      giann_forest_graveyard, layout_basic,
          hellmonk_ecumenical_altar_leap_of_faith
D:2:      layout_basic
D:3:      minmay_chambers_of_twos, layout_basic, nemelex_spade_bored_becter,
          kiku_gazebo_garden_becter
D:4:      layout_loops_cross, grunt_temple_overflow_open, uniq_robin
D:5:      layout_rooms, gup_sewer_entry_bubbles, serial_shops,
          nicolae_shop_waterfront
D:6:      layout_loops_cross, nicolae_ru_the_path_less_chosen,
          lemuel_crystal_altar, minmay_temple_entry_overgrown
D:7:      layout_loops_corners, minmay_misc_feat_encased,
          minmay_misc_feat_enclosed, minivault_24, water_boxes_lemuel
D:8:      layout_gridville, led_sif_book, zin_purify,
          mainiacjoe_overflow_boulevard, mainiacjoe_overflow_divided_tiny,
          serial_shops, kennysheep_little_box, shop, shop, shop_fountains,
          nicolae_shop_advertising_works [nicolae_subvault_shop_adworks]
D:9:      layout_loops_corners, minivault_7, uniq_maggie
D:10:     layout_long_grid, minmay_orc_entry_temple_small,
          hellmonk_guarded_unrand_gyre_and_gimble
D:11:     layout_rooms, dpeg_oklobed_lair, minivault_16
Temple:   dpeg_three_leaves_temple

Skill      XL: |  1  2  3  4  5  6  7  8  9 10 11 12 |
---------------+-------------------------------------+-----
Fighting       | 4 5 6 7 8 10 12 13 | 13.0
Unarmed Combat | 4 5 6 7 8 10 11 13 14 | 14.5
Dodging        | 3 5 |  5.0
Armour         | 4 5 |  5.0
Transmutations | 3 |  3.0
Invocations    | 2 3 |  3.0
Ice Magic      | 1 |  1.6
Stealth        | |  1.5

Action                   |  1- 3 |  4- 6 |  7- 9 | 10-12 || total
-------------------------+-------+-------+-------+-------++-------
Melee: Unarmed           |   147 |    77 |   468 |   518 ||  1210
       Punch             |     2 |     1 |    18 |    24 ||    45
       Pair of quick bla |       |       |       |     7 ||     7
 Fire: Hunting sling     |     3 |    66 |    67 |     2 ||   138
Throw: Dart              |       |    20 |     7 |     8 ||    35
 Cast: Ice Form          |       |       |       |     5 ||     5
Invok: Smiting           |       |       |       |     2 ||     2
       Convert to Beogh  |       |       |       |     1 ||     1
  Use: Scroll            |       |       |    12 |     4 ||    16
       Potion            |       |       |     2 |     5 ||     7
 Stab: Sleeping          |     3 |     1 |     2 |       ||     6
       Distracted        |     1 |       |     1 |       ||     2
Armor: Robe              |    21 |     8 |       |       ||    29
       Chain mail        |       |    13 |   177 |       ||   190
       Steam dragon scal |       |       |    30 |       ||    30
       Acid dragon scale |       |       |    15 |   196 ||   211
       Skin              |       |       |       |     5 ||     5
Dodge: Dodged            |    88 |    49 |   176 |   320 ||   633

Table legend: (Time is in decaauts)
 A = Elapsed time spent in this place.
 B = Non-inter-level travel time spent in this place.
 C = Inter-level travel time spent in this place.
 D = Time resting spent in this place.
 E = Time spent auto-exploring this place.
 F = Levels seen in this place.
 G = Mean time per level.
                   A        B        C        D        E       F      G
               +--------+--------+--------+--------+--------+-----+--------+
         Total |  21669 |  19694 |   1975 |   9233 |   5727 |  13 | 1666.8 |
       Dungeon |  20911 |  18936 |   1975 |   9089 |   5727 |  11 | 1901.0 |
        Temple |     52 |     52 |      0 |      0 |      0 |   1 |   52.0 |
         Sewer |    706 |    706 |      0 |    144 |      0 |   1 |  706.0 |
               +--------+--------+--------+--------+--------+-----+--------+

Top non-repeatable levels by time:
     D:9: 3572 daAuts
    D:10: 3322 daAuts
     D:2: 2329 daAuts
     D:8: 2122 daAuts
     D:5: 1989 daAuts
     D:1: 1807 daAuts
     D:4: 1502 daAuts
     D:3: 1487 daAuts
     D:7: 1354 daAuts
     D:6: 1246 daAuts
   Sewer: 706 daAuts
    D:11: 175 daAuts
  Temple: 52 daAuts
